 Dungeon Crawl Stone Soup version 0.16-a0-327-gbff0e38 (webtiles) character file.

325 PolkaDot the Caller (level 6, 0/41 HPs)
             Began as a Vampire Summoner on Sept 5, 2014.
             Succumbed to an orc wizard's poison
             ... on Level 4 of the Dungeon.
             The game lasted 00:14:20 (3485 turns).

PolkaDot the Caller (Vampire Summoner)              Turns: 3485, Time: 00:14:21

HP   0/41        AC  6     Str  7      XL: 6   Next: 24%
MP   3/10        EV 13     Int 19      God:
Gold 214         SH  0     Dex 14      Spells:  3 memorised,  3 levels left

rFire  + . .     SeeInvis +     c - +0 spear
rCold  x . .     Clarity  .     a - +0 robe
rNeg   . . .     rCorr    .     (no shield)
rPois  .         rRot     .     (no helmet)
rElec  .         Spirit   .     n - +2 cloak
SustAb .         Warding  .     o - +0 pair of gloves
rMut   .         Stasis   .     (no boots)
Gourm  .                        (no amulet)
MR     .....                    (no ring)
                                p - ring of fire

@: lethally poisoned, very slightly contaminated, regenerating quickly, not
resistant to hostile enchantments, unstealthy
A: bottle blood, fangs 3, see invisible, unbreathing
a: Bottle Blood


You were on level 4 of the Dungeon.
You were very full.

You visited 2 branches of the dungeon, and saw 5 of its levels.

You collected 214 gold pieces.

Inventory:

Hand weapons
 c - a +0 spear (weapon)
Armour
 a - a +0 robe (worn)
 n - a +2 cloak (worn)
 o - a +0 pair of gloves (worn)
Magical devices
 e - a wand of flame (0)
 f - a wand of digging (10) {unknown}
Scrolls
 d - 3 scrolls of identify
 g - a scroll of noise
 h - a scroll of enchant armour {unknown}
 j - a scroll of remove curse {unknown}
 m - a scroll of immolation {unknown}
Jewellery
 p - a ring of fire (left hand)
 q - an uncursed ring of protection from magic {unknown}
Potions
 r - a potion of confusion {!q}
Books
 b - a book of Callings

   Spells                             Type                      Level
   *Summon Small Mammal               Summoning                    1
   *Call Imp                          Summoning                    2
   *Call Canine Familiar              Summoning                    3
   Summon Guardian Golem              Hexes/Summoning              4
   Summon Lightning Spire             Summoning/Air                4
   Summon Ice Beast                   Ice/Summoning                4


   Skills:
 - Level 3.2 Dodging
 - Level 3.0 Stealth
 - Level 2.0 Spellcasting
 * Level 7.2 Summonings


You had 3 spell levels left.
You knew the following spells:

 Your Spells              Type           Power        Failure   Level  Hunger
a - Summon Small Mammal   Summ           ####         1%          1    #......
d - Call Canine Familiar  Summ           ####....     2%          3    ####...
s - Call Imp              Summ           ####....     1%          2    ##.....


Dungeon Overview and Level Annotations

Branches:
Dungeon (4/15)             Temple (1/1) D:4

Altars:
Dithmenos
Elyvilon
Fedhas
Gozag
Makhleb
Nemelex Xobeh
Okawaru
Qazlal
Vehumet
Xom
Yredelemnul
Zin
The Shining One


Innate Abilities, Weirdness & Mutations

Your natural rate of healing is unusually fast.
You can bottle blood from corpses.
You have razor-sharp teeth.
You have supernaturally acute eyesight.
You can survive without breathing.


Message History

You feel sick. The orc closely misses you.
Unknown command.
* * * LOW HITPOINT WARNING * * *
You feel sick.
* * * LOW HITPOINT WARNING * * *
You feel sick.
Your hound bites the orc.
You hit the orc but do no damage.
The orc is severely wounded.
* * * LOW HITPOINT WARNING * * *
You feel sick.
Your hound bites the orc.
The orc dies!
* * * LOW HITPOINT WARNING * * *
You feel sick.
Things that are here:
a club; a leather armour There's nothing here to drain!
There's nothing here to drain!
Drink which item? (? for menu, Esc to quit)
Okay, then.
You die...

. ..... .
#......###
#..........
....#.).).# #
##+..##.._..#
#.#.....#.).).#
#....<.!.........
##......@))## ...#
#......)h.).#....##
+...[.............#
#...(......###.....
##........## ..#
#....).#.#
#.)...#..#
#..#+##.##
#..#.#..#


You could see a friendly hound.

Vanquished Creatures
  An ogre (D:4)
  Sigmund (D:4)
  A giant frog skeleton (D:4)
  An orc wizard (D:4)
  2 adders
  A worm (D:2)
  4 giant geckos
  6 orcs
  A ball python (D:4)
  6 bats
  8 goblins
  6 hobgoblins
  5 kobolds
  4 giant cockroaches
  4 giant newts
  4 jackals (D:1)
  5 rats
60 creatures vanquished.

Vanquished Creatures (collateral kills)
  A centaur skeleton (D:4)
  An orc wizard (D:4)
  An adder (D:2)
  2 worms (D:3)
  A giant gecko (D:2)
  An ooze (D:1)
  6 orcs (D:4)
  A bat (D:2)
  2 goblins (D:2)
  A hobgoblin (D:1)
  A giant newt (D:2)
  A kobold (D:2)
  2 rats (D:2)
21 creatures vanquished.

Vanquished Creatures (others)
  3 hounds (D:4)
3 creatures vanquished.

Grand Total: 84 creatures vanquished

Notes
Turn   | Place    | Note
--------------------------------------------------------------
     0 | D:1      | PolkaDot, the Vampire Summoner, began the quest for the Orb.
     0 | D:1      | Reached XP level 1. HP: 13/13 MP: 3/3
   596 | D:1      | Reached XP level 2. HP: 16/19 MP: 4/4
   604 | D:1      | Learned a level 2 spell: Call Imp
  1339 | D:2      | Reached XP level 3. HP: 16/24 MP: 0/6
  1830 | D:2      | Reached skill level 5 in Summonings
  1921 | D:2      | Found a white marble altar of Elyvilon.
  1935 | D:2      | Found a sparkling altar of Nemelex Xobeh.
  1939 | D:2      | Reached XP level 4. HP: 22/30 MP: 5/7
  2277 | D:3      | Found a burning altar of Makhleb.
  2279 | D:3      | Found a glowing silver altar of Zin.
  2279 | D:3      | Noticed an angel
  2280 | D:3      | Noticed a green death
  2389 | D:3      | Learned a level 3 spell: Call Canine Familiar
  2810 | D:4      | Reached XP level 5. HP: 30/35 MP: 9/9
  2813 | D:4      | Noticed an ogre
  2822 | D:4      | Killed an ogre
  2822 | D:4      | Reached skill level 6 in Summonings
  2914 | D:4      | Found a staircase to the Ecumenical Temple.
  2928 | Temple   | Entered the Ecumenical Temple
  3111 | D:4      | Noticed Sigmund
  3207 | D:4      | Killed Sigmund
  3207 | D:4      | Reached skill level 7 in Summonings
  3207 | D:4      | Reached XP level 6. HP: 17/41 MP: 2/10
  3449 | D:4      | Found an iron altar of Okawaru.
  3483 | D:4      | HP: 2/41 [poisoned by an orc wizard]
  3485 | D:4      | Succumbed to an orc wizard's poison

Action                   |  1- 3 |  4- 6 || total
-------------------------+-------+-------++-------
Melee: Mace              |    18 |       ||    18
       Spear             |   111 |   136 ||   247
 Cast: Summon Small Mamm |     1 |       ||     1
       Call Imp          |    10 |     6 ||    16
       Call Canine Famil |       |     8 ||     8
  Use: Potion            |     1 |     6 ||     7
       Scroll            |       |     7 ||     7
 Stab: Sleeping          |     7 |     3 ||    10
       Distracted        |       |     1 ||     1
  Eat: Corpse            |    15 |    10 ||    25
